 Dungeon Crawl Stone Soup version 0.31.0-9-g3a7656b989 (webtiles) character file.

Game seed: 9260869523455326986

302 qw the Shooter (level 6, -2/30 HPs)
             Began as a Spriggan Hunter on Feb 2, 2024.
             Incinerated by a bombardier beetle (4 damage)
             ... with a burning spray
             ... on level 4 of the Dungeon.
             The game lasted 00:00:10 (3168 turns).

qw the Shooter (Spriggan Hunter)                    Turns: 3168, Time: 00:00:11

Health: -2/30      AC:  3    Str:  7    XL:     6   Next: 14%
Magic:  7/7        EV: 21    Int: 11    God:
Gold:   202        SH:  0    Dex: 20    Spells: 5/5 levels left

rFire   . . .        a - +0 shortbow
rCold   . . .        (shield currently unavailable)
rNeg    . . .        c - +0 robe
rPois   .            (helmet restricted)
rElec   .            g - +0 cloak
rCorr   .            (gloves unavailable)
SInv    +            (boots unavailable)
Will    +....        (no amulet)
Stlth   +            (no ring)
HPRegen 0.25/turn    (no ring)
MPRegen 0.10/turn

%: no passive effects
@: on fire, glowing, very quick
A: very small, no large weapons, unfitting armour, see invisible, speed 3,
mutation resistance 1, wild magic 1
a: no special abilities


You were on level 4 of the Dungeon.
You visited 1 branch of the dungeon, and saw 4 of its levels.

You collected 202 gold pieces.


Innate Abilities, Weirdness & Mutations

You are very small and have problems with some larger weapons.
You are too small for most types of armour.
You have supernaturally acute eyesight. (SInv)
You cover ground extremely quickly. (Speed+++)
You are somewhat resistant to further mutation.
Your spells are a little harder to cast, but a little more powerful.


   Skills:
 - Level 2.1 Fighting
 - Level 6.0 Ranged Weapons
 + Level 5.8 Dodging
 - Level 1.5 Stealth


You had 5 spell levels left.
You didn't know any spells.
Your spell library was empty.

Inventory:

Hand Weapons
 a - a +0 shortbow (weapon)
Armour
 c - a +0 robe (worn)
 g - a +0 cloak (worn)
Wands
 m - a wand of roots (3)
Scrolls
 h - 3 scrolls of identify
 i - a scroll of poison {unknown}
 n - a scroll of fog {unknown}
Potions
 b - a potion of resistance
 d - a potion of might
 e - a potion of magic {unknown}
 f - a potion of mutation
 j - a potion of haste {unknown}
 k - a potion of heal wounds {unknown}
 l - a potion of ambrosia {unknown}

Dungeon Overview and Level Annotations

Branches:
Dungeon (4/15)
 Temple: D:4-7

Altars:
Vehumet

Annotations:
D:2 1 runed translucent door, Crazy Yiuf


Message History

You shoot an arrow. The arrow hits the goblin.
The goblin shouts!
The goblin is severely wounded.
You shoot an arrow. The arrow hits the goblin!
You kill the goblin!
Things that are here:
a +0 club; a goblin corpse A bombardier beetle comes into view.
You shoot an arrow. The arrow hits the bombardier beetle!
The bombardier beetle is heavily wounded.
You shoot an arrow. The arrow hits the bombardier beetle.
The bombardier beetle is heavily wounded.
You shoot an arrow.
The arrow hits the bombardier beetle but does no damage.
The bombardier beetle is heavily wounded.
You shoot an arrow. The arrow hits the bombardier beetle.
The bombardier beetle is severely wounded.
You shoot an arrow. The arrow hits the bombardier beetle.
The bombardier beetle is almost dead.
The bombardier beetle sprays incendiary fluid at you.
The burning spray hits you.
You are covered in liquid fire!
You shoot an arrow. The arrow hits the bombardier beetle.
You kill the bombardier beetle!
The liquid fire burns you!
You are on fire!
The liquid fire burns you!
You are on fire!
The liquid fire burns you!
You are on fire!
The liquid fire burns you!
You are on fire!
The liquid fire burns you!
You are on fire!
The liquid fire burns you!
You are on fire!
The liquid fire burns you!
You are on fire!
The liquid fire burns you!
You die...

...# #...###.#.......# ##
..## ## ..#.#...#####+##
..# .......#.##.....##
### .#.#.#.#.........#
#..>#.#.........#
.....#.#.........#
.###.#.#.........####
#.#.#.........##.#
########@#.#.........##.#
.........#.#.#####'####.[
########.#.#.# #.####.#
#.#.#.#####.#.....
#.#.#.....#.#.##.#
#.#.........#.##.#
#.#######.#...<#.# #.#
#.#.#.##.# #.# #.#.#.##.#


There were no monsters in sight!

Vanquished Creatures
  2 bombardier beetles (D:4)
  An iguana (D:4)
  4 gnolls (D:3)
  10 adders
  2 dart slugs (D:1)
  3 ribbon worms
  3 orcs
  7 ball pythons
  3 endoplasms
  A giant cockroach (D:3)
  7 goblins
  11 hobgoblins
  3 quokkas
  3 bats
  5 frilled lizards
  8 kobolds
  5 rats
78 creatures vanquished.

Notes
Turn   | Place    | Note
-------+----------+-------------------------------------------
     0 | D:1      | qw the Spriggan Hunter began the quest for the Orb.
     0 | D:1      | Reached XP level 1. HP: 10/10 MP: 2/2
     0 | D:1      | 0 ||| qw: Version: 0.3-a-155-g5e7d8dd
     0 | D:1      | 0 ||| qw: Game counter: 1192
     0 | D:1      | 0 ||| qw: Melee chars always use a shield: true
     0 | D:1      | 0 ||| qw: God list: Okawaru
     0 | D:1      | 0 ||| qw: Allow faded altars: false
     0 | D:1      | 0 ||| qw: Do Orc after clearing Dungeon:15 true
     0 | D:1      | 0 ||| qw: Do second Lair branch before Depths: true
     0 | D:1      | 0 ||| qw: Lair rune preference: random
     0 | D:1      | 0 ||| qw: Goals: Normal
     0 | D:1      | 0 ||| PLANNING D:1-11
    21 | D:1      | Reached skill level 3 in Dodging
    89 | D:1      | Reached XP level 2. HP: 14/14 MP: 3/3
   609 | D:1      | Reached XP level 3. HP: 18/18 MP: 4/4
   769 | D:1      | Found a faded altar of an unknown god.
   855 | D:1      | 855 ||| UPGRADING to +0 cloak.
   860 | D:1      | 860 ||| READING scroll labelled PEHEFA POQULIDD.
   961 | D:1      | 961 ||| DRINKING 2 glowing ruby potions.
   961 | D:1      | Gained mutation: Your spells are a little harder to cast,
                  | but a little more powerful. [potion of mutation]
   961 | D:1      | Gained mutation: You are somewhat resistant to further
                  | mutation. [potion of mutation]
   962 | D:1      | 962 ||| DROPPING scroll of butterflies.
  1628 | D:2      | Found a runed translucent door.
  1629 | D:2      | Noticed Crazy Yiuf
  1829 | D:2      | 1829 ||| DROPPING amulet of magic regeneration.
  1830 | D:2      | 1830 ||| READING scroll labelled OMYMUTUAKK.
  1830 | D:2      | 1830 ||| IDENTIFYING fizzy yellow potion
  1831 | D:2      | 1831 ||| READING scroll labelled XOSUOZOXTU.
  1832 | D:2      | 1832 ||| READING scroll labelled ALIHAHIELU.
  1924 | D:3      | Reached skill level 5 in Ranged Weapons
  1950 | D:3      | Reached XP level 4. HP: 22/22 MP: 5/5
  2280 | D:3      | Reached XP level 5. HP: 26/26 MP: 6/6
  2361 | D:3      | Found a radiant altar of Vehumet.
  2549 | D:3      | 2549 ||| DROPPING +6 ring of intelligence.
  2550 | D:3      | 2550 ||| READING scroll of identify.
  2550 | D:3      | 2550 ||| IDENTIFYING white potion
  2551 | D:3      | 2551 ||| READING scroll labelled ACRESHRILUICH.
  2555 | D:3      | 2555 ||| READING scroll labelled GUCKYI PYOMPE.
  2749 | D:4      | Found the +8 trident of the Octopus King {venom, rElec
                  | rPois}
  2986 | D:4      | Reached skill level 6 in Ranged Weapons
  3082 | D:4      | Reached XP level 6. HP: 30/30 MP: 7/7
  3167 | D:4      | HP: 2/30 [burnt (6)]
  3168 | D:4      | Incinerated by a bombardier beetle

Levels and vault maps discovered:
D:1:      lightli_arrival_quake, layout_basic,
          shapermc_ecumenical_altar_hornbeckon
D:2:      layout_basic, uniq_crazy_yiuf_cottage
D:3:      minmay_spotlight, layout_loops_cross, vehumet_crystals
D:4:      layout_basic

Skill      XL: |  1  2  3  4  5 |
---------------+----------------+-----
Dodging        | 3 4 5 |  5.8
Ranged Weapons | 5 6 |  6.0
Fighting       | 2 |  2.1
Stealth        | |  1.5

Action                     |  1- 3 |  4- 6 || total
---------------------------+-------+-------++-------
   Fire: Shortbow          |   104 |   164 ||   268
    Use: Scroll            |     4 |     3 ||     7
         Potion            |     1 |       ||     1
 Armour: Robe              |    17 |    19 ||    36
  Dodge: Dodged            |    20 |   105 ||   125

Table legend:
 A = Non-vault XP
 B = Vault XP
 C = Vault XP percentage of total XP
 D = Non-vault monster count
 E = Vault monster count
 F = Vault count percentage of total count
                 A         B        C        D         E       F
            +---------+---------+-------+---------+---------+-------
      Total |     413 |      19 |   4.4 |      73 |       5 |   6.4
            +---------+---------+-------+---------+---------+-------
        D:1 |      49 |       0 |   0.0 |      27 |       0 |   0.0
        D:2 |      37 |       0 |   0.0 |       7 |       0 |   0.0
        D:3 |     105 |      19 |  15.3 |      22 |       5 |  18.5
        D:4 |     222 |       0 |   0.0 |      17 |       0 |   0.0
            +---------+---------+-------+---------+---------+-------
